 Dungeon Crawl Stone Soup version 0.22-a0-422-g9628fc8 (webtiles) character file.

261 Borgoz the Skirmisher (level 6, 0/52 HPs)
             Began as a Ghoul Abyssal Knight on May 22, 2018.
             Was a Priest of Lugonu.
             Slain by a hound (4 damage)
             ... on level 4 of the Dungeon.
             The game lasted 00:05:25 (2830 turns).

Borgoz the Skirmisher (Ghoul Abyssal Knight)        Turns: 2830, Time: 00:05:26

Health: 0/52       AC:  3    Str: 16    XL:     6   Next: 18%
Magic:  7/7        EV: 12    Int:  7    God:    Lugonu [***...]
Gold:   162        SH:  0    Dex: 10    Spells: 5/5 levels left

rFire    . . .     SeeInvis .     - Unarmed
rCold    + . .     Gourm    .   (no shield)
rNeg     + + +     Faith    .   a - +0 leather armour
rPois    ∞         Spirit   .   (no helmet)
rElec    .         Reflect  .   (no cloak)
rCorr    .         Harm     .   (no gloves)
MR       .....                  (no boots)
Stlth    +.........             (no amulet)
HPRegen  0.00/turn              (no ring)
MPRegen  0.10/turn              (no ring)

@: rotting
A: rotting body, claws 1, carnivore, cold resistance 1, negative energy
resistance 3, inhibited regeneration, torment resistance, unbreathing
a: Depart the Abyss, Bend Space, Banish, Renounce Religion


You were on level 4 of the Dungeon.
You worshipped Lugonu.
Lugonu was most pleased with you.
You were not hungry.

You visited 1 branch of the dungeon, and saw 4 of its levels.
You visited the Abyss 1 time.

You collected 162 gold pieces.

Inventory:

Armour
 a - a +0 leather armour (worn)
Wands
 m - a wand of iceblast (10)
Scrolls
 f - 3 scrolls of identify {unknown}
 h - 3 scrolls of remove curse {unknown}
 i - a scroll of fear {unknown}
 l - a scroll of amnesia {unknown}
Potions
 c - a potion of flight
 g - 2 potions of curing
 j - a potion of might {unknown}
 k - a potion of lignification {unknown}
 n - a potion of degeneration {unknown}
Comestibles
 b - 9 rations


   Skills:
 + Level 4.1 Fighting
 * Level 3.3 Armour
 * Level 2.9 Dodging
 + Level 3.2 Unarmed Combat
 + Level 3.1 Invocations


You had 5 spell levels left.
You didn't know any spells.
Your spell library was empty.

Dungeon Overview and Level Annotations

Branches:
Dungeon (4/15)
 Temple: D:4-7

Altars:
Ashenzari
Cheibriados
Hepliaklqana
Nemelex Xobeh
Qazlal
Uskayaw

Annotations:
D:4 Menkaure


Innate Abilities, Weirdness & Mutations

Your body is rotting away.
You thrive on raw meat.
You are immune to poison.
You have sharp fingernails.
You are carnivorous and can eat meat at any time.
Your flesh is cold resistant. (rC+)
You are immune to negative energy. (rN+++)
You do not regenerate when monsters are visible.
You are immune to unholy pain and torment.
You can survive without breathing.


Message History

* * * LOW HITPOINT WARNING * * *
The jackal skeleton barely misses you. The worker ant closely misses you.
The hound bites you but does no damage.
The jackal skeleton bites you but does no damage.
The hound bites you.
* * * LOW HITPOINT WARNING * * *
The jackal skeleton bites you.
* * * LOW HITPOINT WARNING * * *
The jackal skeleton bites you but does no damage.
The hound bites you.
* * * LOW HITPOINT WARNING * * *
The hound bites you.
* * * LOW HITPOINT WARNING * * *
The hound bites you but does no damage.
Found a ring mail.
Okay, then.
You scratch the hound.
The hound is heavily wounded.
The hound barely misses you. The hound bites you.
You die...

..## ... #[. .# ... #.. #.#
.....##.. .. # ......##.#
.##. .....#..# ##...
........# #..#
...#.@#####..# ###
..##h##....#
.....####.##.Z.....#
#...<..##.#...#####
......###............#.
....#####.#####............
....# #..................
....# #####.#............
[...# #....#............


You could see a hound and a jackal skeleton.

Vanquished Creatures
  An orc priest (D:3)
  Jessica (D:2)
  Ijyb (D:3)
  7 adders
  An ooze (D:2)
  2 worms
  3 dart slugs
  3 leopard geckos
  9 orcs
  4 bats
  3 giant cockroaches
  5 goblins
  9 hobgoblins
  15 jackals
  10 kobolds
  A ball python (D:2)
  6 frilled lizards
  10 rats
91 creatures vanquished.

Notes
Turn   | Place    | Note
-------+----------+-------------------------------------------
     0 | Abyss:1  | Borgoz the Ghoul Abyssal Knight began the quest for the Orb.
     0 | Abyss:1  | Reached XP level 1. HP: 19/19 MP: 1/1
     5 | Abyss:1  | Found a corrupted altar of Lugonu.
    34 | Abyss:2  | Noticed a small abomination
    58 | Abyss:2  | Noticed a tentacled starspawn
    60 | D:1      | Escaped the Abyss
    76 | D:1      | Reached skill level 1 in Dodging
   104 | D:1      | Reached XP level 2. HP: 16/26 MP: 2/2
   135 | D:1      | Reached * piety under Lugonu
   414 | D:1      | Reached XP level 3. HP: 25/31 MP: 3/3
   703 | D:2      | Found a hide-covered altar of Uskayaw.
   758 | D:2      | Found a sparkling altar of Nemelex Xobeh.
   865 | D:2      | Reached ** piety under Lugonu
   995 | D:2      | Reached XP level 4. HP: 24/39 MP: 4/4
  1093 | D:2      | Found a stormy altar of Qazlal.
  1258 | D:2      | Noticed Jessica
  1270 | D:2      | Killed Jessica
  1448 | D:2      | Reached XP level 5. HP: 42/46 MP: 6/6
  1759 | D:3      | Noticed Ijyb
  1788 | D:3      | Killed Ijyb
  1877 | D:3      | Found a snail-covered altar of Cheibriados.
  1877 | D:3      | Found a hazy altar of Hepliaklqana.
  2017 | D:3      | Reached skill level 4 in Fighting
  2027 | D:3      | Reached XP level 6. HP: 29/52 MP: 7/7
  2110 | D:3      | Reached *** piety under Lugonu
  2256 | D:3      | Found a shattered altar of Ashenzari.
  2260 | D:3      | Saw a vision of the Shoals and the Snake Pit.
  2260 | D:3      | Noticed a sea snake
  2260 | D:3      | Noticed a merfolk
  2260 | D:3      | Noticed a black mamba
  2260 | D:3      | Noticed a merfolk
  2260 | D:3      | Noticed a merfolk siren
  2260 | D:3      | Noticed a naga
  2260 | D:3      | Noticed a sea snake
  2260 | D:3      | Noticed a merfolk siren
  2260 | D:3      | Noticed a naga mage
  2260 | D:3      | Noticed a naga mage
  2260 | D:3      | Noticed a merfolk siren
  2260 | D:3      | Noticed a merfolk siren
  2260 | D:3      | Noticed a merfolk siren
  2260 | D:3      | Noticed a merfolk
  2260 | D:3      | Noticed a black mamba
  2261 | D:3      | Noticed a hippogriff
  2261 | D:3      | Noticed a black mamba
  2261 | D:3      | Noticed a merfolk
  2261 | D:3      | Noticed a naga warrior
  2262 | D:3      | Noticed a salamander
  2424 | D:4      | Noticed Menkaure
  2435 | D:4      | HP: 1/52 [Menkaure (20)]
  2830 | D:4      | Slain by a hound

Vault maps used:
D:1:      dpeg_arrival_round_b, serial_glass, glass_columns_b, glass_columns_c,
          glass_columns_b, glass_columns_a, glass_columns_a, glass_columns_b,
          glass_columns_b, glass_columns_a
D:2:      nemelex_xobeh_ov_fountains_minmay, lemuel_doored_altar,
          nicolae_qazlal_eye_of_the_storm, uniq_jessica
D:3:      chequers_temple_overflow_statue_of_worship, grunt_ashenzari_visionary,
          uniq_ijyb
D:4:      kennysheep_generic_room_11, uniq_sigmund, uniq_menkaure, uniq_edmund
Abyss:1:  evilmike_abyss_exit_kraken

Skill      XL: |  1  2  3  4  5 |
---------------+----------------+-----
Dodging        | 1 2 |  2.9
Armour         | 2 3 |  3.3
Invocations    | 3 |  3.1
Unarmed Combat | 3 |  3.2
Fighting       | 4 |  4.1

Action                   |  1- 3 |  4- 6 || total
-------------------------+-------+-------++-------
Melee: Unarmed           |   165 |   256 ||   421
       Punch             |     2 |     3 ||     5
Invok: Depart the Abyss  |     1 |       ||     1
  Use: Potion            |       |     4 ||     4
  Eat: Chunk             |    22 |    38 ||    60
Armor: Leather armour    |    36 |    52 ||    88
Dodge: Dodged            |   107 |   201 ||   308

Table legend:
 A = Spawn XP
 B = Non-spawn XP
 C = Spawn XP percentage of total XP
 D = Spawn monster count
 E = Non-spawn monster count
 F = Spawn count percentage of total count
 G = Total turns spent on level
                    A         B        C        D         E        F      G
               +---------+---------+-------+---------+---------+-------+---------
         Total |       0 |     374 |   0.0 |       0 |      91 |   0.0 |  2830
               +---------+---------+-------+---------+---------+-------+---------
           D:1 |       0 |      43 |   0.0 |       0 |      23 |   0.0 |   643
           D:2 |       0 |     139 |   0.0 |       0 |      26 |   0.0 |  1032
           D:3 |       0 |     183 |   0.0 |       0 |      38 |   0.0 |   996
           D:4 |       0 |       9 |   0.0 |       0 |       4 |   0.0 |    99
               +---------+---------+-------+---------+---------+-------+---------
